 Dungeon Crawl Stone Soup version 0.30.0-30-g96aa6591b8 (webtiles) character file.

Game seed: 5636167924742453910

1249 H0rd4k the Sneak (level 8, -1/51 HPs)
             Began as an Octopode Artificer on June 30, 2023.
             Was an Initiate of Gozag.
             Slain by an ufetubus (2 damage)
             ... on level 6 of the Dungeon.
             The game lasted 00:06:43 (5605 turns).

H0rd4k the Sneak (Octopode Artificer)               Turns: 5605, Time: 00:06:45

Health: -1/51      AC:  1    Str: 17    XL:     8   Next: 50%
Magic:  8/9        EV: 14    Int: 15    God:    Gozag
Gold:   295        SH:  0    Dex: 13    Spells: 8/8 levels left

rFire   . .          .
                       - Unarmed
rCold   . . .        (no shield)
rNeg    . . .        (helmet restricted)
rPois   .            (no amulet)
rElec   .            g - ring of see invisible
rCorr   .            u - ring of wizardry
SInv    +            z - +6 ring of strength
Will    .....        (no ring)
Stlth   ++++         (no ring)
HPRegen 0.28/turn    (no ring)
MPRegen 0.11/turn    (no ring)
                     (no ring)

%: wizardry (x1)
@: mighty, lethally poisoned (-1 -> -15), gold aura
A: almost no armour, amphibious, 8 rings, camouflage 1, gelatinous body 1,
(nimble swimmer 1), tentacles
a: Renounce Religion, Potion Petition, Call Merchant, Bribe Branch


You were on level 6 of the Dungeon.
You worshipped Gozag.
Gozag was aware of your devotion.
You visited 1 branch of the dungeon, and saw 6 of its levels.

You collected 408 gold pieces.
You spent 70 gold pieces at shops.
You paid 43 gold pieces to Gozag.

Inventory:

Missiles
 f - 23 poisoned darts (quivered)
 y - 4 silver javelins
 A - 4 atropa-tipped darts
Jewellery
 g - a ring of see invisible (left tentacle)
 u - a ring of wizardry (right tentacle)
 z - a +6 ring of strength (on tentacle)
Wands
 c - a wand of charming (5)
Scrolls
 d - a scroll of enchant armour {unknown}
 e - a scroll of silence {unknown}
 i - a scroll of immolation {unknown}
 j - a scroll of fog {unknown}
 k - 4 scrolls of identify {unknown}
 o - 2 scrolls of magic mapping {unknown}
 r - a scroll of vulnerability {unknown}
 s - 2 scrolls of amnesia {unknown}
 t - 3 scrolls of teleportation {unknown}
 v - 3 scrolls of fear {unknown}
Potions
 a - 3 potions of curing {unknown}
 h - 4 potions of might
 l - 2 potions of flight {unknown}
 m - a potion of degeneration {unknown}
 n - 3 potions of berserk rage {unknown}
 p - a potion of haste {unknown}
 q - a potion of ambrosia {unknown}
 w - a potion of magic {unknown}
 x - a potion of experience {unknown}


   Skills:
 + Level 2.3 Fighting
 + Level 1.6 Throwing
 + Level 4.4 Dodging
 + Level 6.8 Stealth
 + Level 5.9 Unarmed Combat
 * Level 0.8 Spellcasting
 + Level 5.1 Evocations


You had 8 spell levels left.
You didn't know any spells.
Your spell library contained the following spells:

 Spells                   Type           Power      Damage    Failure   Level
 Freeze                   Ice            0%         1d3       11%         1
 Frozen Ramparts          Ice            0%         1d1       28%         3
 Hailstorm                Conj/Ice       0%         3d3       28%         3
 Malign Gateway           Summ/Tloc      0%         N/A       100%        7
 Summon Horrible Things   Summ           0%         N/A       100%        8


Dungeon Overview and Level Annotations

Branches:
Dungeon (6/15)
 Temple: D:4-7

Altars:
Gozag
Nemelex Xobeh
Zin

Shops:
D:5 *!

Annotations:
D:3 Robin
D:5 2 runed translucent doors, exclusion: 2 doors, zxspectator's ghost, novice FoFi


Innate Abilities, Weirdness & Mutations

You cannot wear most types of armour.
You are amphibious.
You can wear up to eight rings at the same time.
Your skin changes colour to match your surroundings (Stealth+).
Your rubbery body absorbs attacks. (AC +1, EV +1)
((You are camouflaged when in or above water. (Stealth+)))
You have tentacles for arms and can constrict up to eight enemies at once.


Message History

* * * LOW HITPOINT WARNING * * *
You feel very sick.
The adder bites your scorpion but does no damage.
The orc misses you. The orc closely misses your scorpion.
You feel much better.
You feel very sick. The ufetubus closely misses you. The ufetubus misses you.
The adder bites your scorpion but does no damage.
Your scorpion stings the adder.
The ufetubus barely misses you. The ufetubus misses you.
The orc hits you with a +0 hand axe of venom.
You are more poisoned.
The orc barely misses your scorpion.
The sentinel's mark upon you fades away.
You feel very sick. The adder closely misses your scorpion.
The ufetubus hits you. The ufetubus barely misses you.
Your scorpion misses the adder. The orc barely misses you.
The orc closely misses your scorpion.
The adder bites your scorpion but does no damage.
You feel very sick.
The ufetubus closely misses you. x2; Your scorpion closely misses the adder.
The adder bites your scorpion. The ufetubus hits you.
* * * LOW HITPOINT WARNING * * *
The ufetubus barely misses you. The orc attacks as you move away!
The orc hits you with a +0 hand axe of venom.
* * * LOW HITPOINT WARNING * * *
You are more poisoned.
* * * LOW HITPOINT WARNING * * *
You feel very sick.
Your scorpion stings the adder!
The adder dies!
The ufetubus closely misses you. The ufetubus barely misses you.
It was a potion of might.
You feel very mighty all of a sudden.
* * * LOW HITPOINT WARNING * * *
You feel very sick. The ufetubus hits you.
You die...
Your body crumbles into a pile of gold.

.##.....
....#.#. #..
.#..# # #..
...## # ## #..
...##.# .. #.#
......# . #.#
...#### #. #.###
...# ###.##..?#
.. ##.# $
#....@o..###....
...#
#...#.5......[.#
.#.#
#...#.#..######
.#.# #....$##s#
...## #..##$##5#
..$.# #.?..$...#
###.# #.....####
#.#### #####.#
#....## #S#


You could see an orc, 2 ufetubi and a friendly scorpion (charmed, unaware).

Vanquished Creatures
  Sigmund (D:3)
  Menkaure (D:4)
  A black bear (D:5)
  An ogre (D:5)
  3 scorpions (D:5)
  2 hounds (D:5)
  A jelly (D:5)
  A gnoll bouda (D:4)
  2 iguanas (D:5)
  A sleepcap (D:3)
  2 orc wizards
  Natasha (thrice) (D:3)
  5 gnolls
  5 adders
  An ufetubus (D:5)
  A worm (D:3)
  A dart slug (D:1)
  27 orcs
  10 ball pythons
  9 endoplasms
  3 giant cockroaches (D:1)
  7 goblins
  12 hobgoblins
  4 jackals (D:3)
  9 kobolds
  8 quokkas
  4 bats (D:1)
  3 frilled lizards
  A rat (D:2)
129 creatures vanquished.

Vanquished Creatures (collateral kills)
  2 gnolls (D:6)
  An adder (D:6)
  A shadow imp (D:6)
  A kobold (D:4)
5 creatures vanquished.

Vanquished Creatures (others)
  A jelly (D:6)
  A gnoll bouda (D:6)
2 creatures vanquished.

Grand Total: 136 creatures vanquished

Notes
Turn   | Place    | Note
-------+----------+-------------------------------------------
     0 | D:1      | H0rd4k the Octopode Artificer began the quest for the Orb.
     0 | D:1      | Reached XP level 1. HP: 13/13 MP: 1/1
    65 | D:1      | Reached XP level 2. HP: 12/18 MP: 2/2
   321 | D:1      | Reached XP level 3. HP: 16/23 MP: 3/3
   828 | D:1      | Reached skill level 1 in Unarmed Combat
   893 | D:1      | Found a faded altar of an unknown god.
  1463 | D:2      | Reached XP level 4. HP: 18/28 MP: 4/4
  1559 | D:2      | Reached skill level 2 in Stealth
  2073 | D:2      | Identified the +2 leather armour of Ynug {rC+}
  2342 | D:3      | Noticed Natasha
  2350 | D:3      | Killed Natasha
  2351 | D:3      | Reached XP level 5. HP: 18/33 MP: 5/5
  2493 | D:3      | Noticed Natasha
  2496 | D:3      | Killed Natasha
  2640 | D:3      | Noticed Natasha
  2643 | D:3      | Killed Natasha
  2644 | D:3      | Reached skill level 3 in Stealth
  2696 | D:3      | Found a sparkling altar of Nemelex Xobeh.
  2768 | D:3      | Identified the +4 ring mail of Ceec {*Corrode rPois rC+++
                  | Str-4}
  2782 | D:3      | Noticed Sigmund
  2785 | D:3      | Killed Sigmund
  2786 | D:3      | Reached skill level 4 in Stealth
  2786 | D:3      | Reached XP level 6. HP: 39/39 MP: 6/6
  2794 | D:3      | Noticed Robin
  2881 | D:4      | Noticed Menkaure
  2888 | D:4      | Killed Menkaure
  2889 | D:4      | Reached XP level 7. HP: 45/45 MP: 7/7
  2926 | D:4      | Reached skill level 5 in Stealth
  3886 | D:4      | Found an opulent altar of Gozag.
  3895 | D:4      | Became a worshipper of Gozag Ym Sagoz the Greedy
  4024 | D:5      | Entered Level 5 of the Dungeon
  4029 | D:5      | Found Ea-nāṣir's Fine Metal Goods.
  4102 | D:5      | Found a runed translucent door.
  4103 | D:5      | Noticed zxspectator's ghost (novice FoFi)
  4201 | D:5      | Found Solouweg's Distillery.
  4351 | D:5      | Bought a potion of heal wounds for 70 gold pieces
  4421 | D:5      | Reached skill level 6 in Stealth
  4421 | D:5      | Reached skill level 5 in Unarmed Combat
  4421 | D:5      | Reached XP level 8. HP: 50/50 MP: 8/8
  4610 | D:5      | Reached skill level 1 in Throwing
  4702 | D:5      | Reached skill level 5 in Evocations
  4834 | D:5      | Found a runed translucent door.
  5435 | D:6      | Found a glowing silver altar of Zin.
  5605 | D:6      | HP: 1/51 [poisoned by an orc]
  5605 | D:6      | Slain by an ufetubus

Illustrated notes

Levels and vault maps discovered:
D:1:      amcnicky_arrival_choice, layout_loops_cross,
          dreamdust_ecumenical_altar_sealed_demon, minmay_quantized
D:2:      layout_basic, hex_tiny
D:3:      layout_loops_ring, makhleb_altar_promises_db,
          mainiacjoe_overflow_surrounded_room, uniq_sigmund, uniq_robin,
          uniq_natasha
D:4:      layout_cave_pools, mainiacjoe_overflow_small_starburst, wad_orctagon,
          uniq_menkaure
D:5:      layout_basic, ebering_ghost_sewer_f, serial_shops,
          nicolae_shop_industrial_runoff, nicolae_ea-nasir_strikes_again
D:6:      layout_loops_cross, zin_treasury, nicolae_ossuary_entry_plus,
          nrook_uturn

Skill      XL: |  1  2  3  4  5  6  7  8 |
---------------+-------------------------+-----
Dodging        | 3 4 |  4.4
Evocations     | 4 5 |  5.1
Unarmed Combat | 1 2 3 4 5 |  5.9
Stealth        | 2 4 6 |  6.8
Fighting       | 2 |  2.3
Throwing       | 1 |  1.6
Spellcasting   | |  0.8

Action                     |  1- 3 |  4- 6 |  7- 9 || total
---------------------------+-------+-------+-------++-------
  Melee: Unarmed           |   120 |    57 |   167 ||   344
         Tentacles         |    26 |    13 |    40 ||    79
         Constrict         |    24 |    10 |    43 ||    77
         Punch             |     1 |     1 |     8 ||    10
  Throw: Dart              |       |       |    17 ||    17
  Evoke: Wand              |       |    13 |    17 ||    30
    Use: Potion            |       |       |     2 ||     2
   Stab: Sleeping          |    10 |     4 |    13 ||    27
         Distracted        |       |       |     1 ||     1
 Armour: Skin              |     5 |     2 |     5 ||    12
  Dodge: Dodged            |    67 |    38 |   120 ||   225
